 Dungeon Crawl Stone Soup version 0.29-a0-998-g1987434951 (webtiles) character file.

Game seed: 16310115653195198665

31 siradein the Shooter (level 3, -5/31 HPs)
             Began as a Minotaur Hunter on Aug 6, 2022.
             Slain by Sigmund
             ... wielding a +0 vampiric scythe
              (9 damage)
             ... on level 2 of the Dungeon.
             The game lasted 00:01:05 (870 turns).

siradein the Shooter (Minotaur Hunter)               Turns: 870, Time: 00:01:05

Health: -5/31      AC:  3    Str: 15    XL:     3   Next: 7%
Magic:  2/2        EV: 12    Int:  6    God:
Gold:   85         SH:  0    Dex: 15    Spells: 2/2 levels left

rFire   . . .      SeeInvis .   a - +0 shortbow
rCold   . . .      Faith    .   (shield currently unavailable)
rNeg    . . .      Spirit   .   c - +0 leather armour
rPois   .          Reflect  .   (helmet restricted)
rElec   .          Harm     .   (no cloak)
rCorr   .          Rampage  .   (no gloves)
Will    .....                   (no boots)
Stlth   +.........              (no amulet)
HPRegen 0.10/turn               (no ring)
MPRegen 0.08/turn               (no ring)

@: confused
A: horns 2, retaliatory headbutt
a: no special abilities


You were on level 2 of the Dungeon.
You visited 1 branch of the dungeon, and saw 2 of its levels.

You collected 85 gold pieces.

Inventory:

Hand Weapons
 a - a +0 shortbow (weapon)
Armour
 c - a +0 leather armour (worn)
Scrolls
 b - a scroll of immolation
 d - a scroll of teleportation {unknown}
 g - a scroll of identify {unknown}
 h - 2 scrolls of blinking
Potions
 e - a potion of attraction {unknown}
 f - a potion of degeneration {unknown}
 i - a potion of haste {unknown}
 j - a potion of flight {unknown}


   Skills:
 + Level 3.0 Fighting
 + Level 4.7 Ranged Weapons
 + Level 2.7 Dodging
 + Level 1.4 Stealth


You had 2 spell levels left.
You didn't know any spells.
Your spell library was empty.

Dungeon Overview and Level Annotations

Branches:
Dungeon (2/15)

Altars:

Annotations:
D:2 Sigmund


Innate Abilities, Weirdness & Mutations

You have a pair of horns on your head.
You reflexively headbutt those who attack you in melee.


Message History

Sigmund is moderately wounded.
Sigmund casts a spell at you. The puff of flame hits you!
You shoot an arrow.
The arrow hits Sigmund but does no damage.
Sigmund is moderately wounded.
You shoot an arrow.
The arrow hits Sigmund but does no damage.
Sigmund is moderately wounded.
You shoot an arrow. The arrow hits Sigmund.
Sigmund is moderately wounded.
A hobgoblin comes into view.
Sigmund laughs darkly.
You shoot an arrow. The arrow closely misses Sigmund.
You shoot an arrow. The arrow closely misses Sigmund.
Sigmund barely misses you.
You shoot an arrow. The arrow closely misses Sigmund.
Sigmund closely misses you.
You shoot an arrow. The arrow closely misses Sigmund.
You shoot an arrow. The arrow closely misses Sigmund.
Sigmund misses you.
You shoot an arrow. The arrow hits Sigmund!
Sigmund is severely wounded.
Sigmund hits you but does no damage.
You shoot an arrow. The arrow closely misses Sigmund.
Sigmund casts a spell at you. The magic dart hits you.
You shoot an arrow.
The arrow hits Sigmund but does no damage.
Sigmund is severely wounded.
Sigmund gestures at you while chanting.
You are confused.
Sigmund points at you and mumbles some strange words.
The magic dart hits you.
You shoot an arrow.
Sigmund hits you from afar with a +0 vampiric scythe!
* * * LOW HITPOINT WARNING * * *
You shoot an arrow. The arrow hits Sigmund.
Sigmund is severely wounded.
Sigmund hits you from afar with a +0 vampiric scythe!
You die...

.. .# ..
.# .# .#
.### ..
@.# .#
#.##.#
#@#..#
#...##
##....#
#...#..#
#.####....
##.# #....
#####..#
#...
#.....##
...
#.##### >.


You could see Sigmund.

Vanquished Creatures
  2 dart slugs (D:1)
  10 ball pythons
  A bat (D:1)
  3 giant cockroaches
  3 goblins (D:1)
  2 quokkas (D:1)
  3 frilled lizards (D:1)
  2 kobolds (D:1)
  A rat (D:1)
27 creatures vanquished.

Notes
Turn   | Place    | Note
-------+----------+-------------------------------------------
     0 | D:1      | siradein the Minotaur Hunter began the quest for the Orb.
     0 | D:1      | Reached XP level 1. HP: 18/18 MP: 0/0
    20 | D:1      | Reached skill level 1 in Stealth
    53 | D:1      | Reached XP level 2. HP: 25/25 MP: 1/1
   711 | D:1      | Reached XP level 3. HP: 31/31 MP: 2/2
   856 | D:2      | Noticed Sigmund
   870 | D:2      | Slain by Sigmund

Illustrated notes

Levels and vault maps discovered:
D:1:      tarquinn_simple_flora_water_d, layout_basic, minmay_liquid_box,
          hangedman_feature_mirror
D:2:      layout_rooms, nicolae_figureground_pulse, uniq_crazy_yiuf_cottage,
          uniq_sigmund

Skill      XL: |  1  2 |
---------------+-------+-----
Stealth        | 1 |  1.4
Fighting       | 3 |  3.0
Ranged Weapons | |  4.7
Dodging        | |  2.7

Action                   || total
-------------------------++-------
 Fire: Shortbow          ||    86
  Use: Scroll            ||     1
Armor: Leather armour    ||    11
Dodge: Dodged            ||    30

Table legend: (Time is in decaauts)
 A = Elapsed time spent in this place.
 B = Non-inter-level travel time spent in this place.
 C = Inter-level travel time spent in this place.
 D = Time resting spent in this place.
 E = Time spent auto-exploring this place.
 F = Levels seen in this place.
 G = Mean time per level.
                   A        B        C        D        E       F      G
               +--------+--------+--------+--------+--------+-----+--------+
         Total |    898 |    884 |     14 |      0 |    728 |   2 |  449.0 |
       Dungeon |    898 |    884 |     14 |      0 |    728 |   2 |  449.0 |
               +--------+--------+--------+--------+--------+-----+--------+

Top non-repeatable levels by time:
     D:1: 763 daAuts
     D:2: 134 daAuts
